 Dungeon Crawl Stone Soup version 0.30.1 (webtiles) character file.

Game seed: 9457847342599229833

245 Sabo the Chopper (level 5, -1/42 HPs)
             Began as a Demonspawn Monk on July 8, 2023.
             Slain by an ogre
             ... wielding a +0 giant club
              (19 damage)
             ... on level 5 of the Dungeon.
             The game lasted 00:17:07 (3963 turns).

Sabo the Chopper (Demonspawn Monk)                  Turns: 3963, Time: 00:17:07

Health: -1/42      AC: 10    Str: 13    XL:     5   Next: 83%
Magic:  5/5        EV:  7    Int: 11    God:
Gold:   179        SH:  0    Dex: 16    Spells: 4/4 levels left

rFire   . . .        a - +0 hand axe
rCold   . . .        d - orb {light}
rNeg    + . .        w - +0 chain mail
rPois   .            (helmet restricted)
rElec   .            (no cloak)
rCorr   .            r - +0 pair of gloves
SInv    .            o - +0 pair of boots
Will    .....        (no amulet) Stlth
                     u - ring of positive energy
HPRegen 0.27/turn    (no ring)
MPRegen 0.09/turn

%: no passive effects
@: glowing
A: horns 2
a: no special abilities


You were on level 5 of the Dungeon.
You visited 1 branch of the dungeon, and saw 5 of its levels.

You collected 179 gold pieces.

Inventory:

Hand Weapons
 a - a +0 hand axe (weapon)
 h - a +0 sling
Missiles
 m - a boomerang (quivered)
 v - 2 throwing nets
Armour
 d - an orb of light (worn)
 o - a +0 pair of boots (worn)
 r - a +0 pair of gloves (worn)
 w - a +0 chain mail (worn)
Jewellery
 u - a ring of positive energy (left hand)
Scrolls
 b - a scroll of magic mapping
 g - a scroll of poison
 n - a scroll of fog
 q - 2 scrolls of teleportation
 x - a scroll of summoning {unknown}
 y - a scroll of silence {unknown}
 z - a scroll of fear {unknown}
Potions
 c - 2 potions of ambrosia
 f - 2 potions of might {unknown}
 i - 3 potions of haste {unknown}
 j - 5 potions of curing {unknown}
 k - a potion of heal wounds {unknown}
 l - 2 potions of degeneration {unknown}
 p - 2 potions of flight {unknown}
 s - a potion of berserk rage {unknown}
 A - a potion of brilliance {unknown}


   Skills:
 + Level 4.0 Fighting
 + Level 4.3 Axes
 + Level 0.2 Throwing
 + Level 2.0 Armour
 + Level 3.4 Dodging
 + Level 0.1 Stealth


You had 4 spell levels left.
You didn't know any spells.
Your spell library contained the following spells:

 Spells                   Type           Power      Damage    Failure   Level
 Ensorcelled Hibernation  Hex/Ice        0%         N/A       100%        2
 Spider Form              Tmut/Pois      0%         N/A       100%        3
 Anguish                  Hex/Necr       0%         N/A       100%        4


Dungeon Overview and Level Annotations

Branches:
Dungeon (5/15)
 Temple: D:4-7

Altars:
Ashenzari
Hepliaklqana
Uskayaw

Shops:
D:1 *


Innate Abilities, Weirdness & Mutations

You have a pair of horns on your head.


Message History

2 jackals come into view.
The jackal barks! x2; You hear a bark!
A jackal comes into view.
Found a stone staircase leading down.
The jackal barks!
You see here a ring of magical power.
Throw: 2 boomerangs
Press: ? - help, Q - select action, (/) - cycle Shift-Dir - straight line You throw a boomerang.
The boomerang hits the ogre.
The ogre is lightly wounded.
An adder comes into view.
Throw: 2 boomerangs
Press: ? - help, Q - select action, (/) - cycle Shift-Dir - straight line, f - jackal
Aim: a jackal (haloed, 72% to hit)
You throw a boomerang. The adder hisses angrily.
The boomerang hits the jackal.
The jackal is moderately wounded.
The jackal bites you but does no damage.
Throw: 2 boomerangs
Press: ? - help, Q - select action, (/) - cycle Shift-Dir - straight line, f - ogre, p - jackal
Aim: an ogre, wielding a +0 giant club (lightly wounded, haloed, 93% to hit)
You throw a boomerang.
The boomerang hits the jackal and shatters for extra damage!
You kill the jackal!
The jackal bites you but does no damage. x2
The jackal closely misses you.
You hit the ogre.
The ogre is moderately wounded.
You barely miss the jackal. You hit the jackal but do no damage.
The jackal barely misses you. x2
The ogre hits you with a +0 giant club!!
Ouch! That really hurt!
The jackal bites you but does no damage. x2
You slash the ogre! You headbutt the ogre!
The ogre is almost dead.
You hit the jackal but do no damage. x2; The jackal barely misses you.
The jackal bites you.
The ogre hits you with a +0 giant club!!
You die...

......>...
#.........
#.........
#........ .
#......#
..####......#
......hhS...#
#).....@O...###
#..............
##........#.#####
#......[...<...#
#....####..###.#
##### #..# #..#
#..# #...


You could see an ogre, an adder and 2 jackals.

Vanquished Creatures
  2 hounds (D:4)
  An orc priest (D:3)
  3 adders
  3 gnolls (D:3)
  A worm (D:2)
  2 dart slugs
  5 orcs
  10 ball pythons
  7 endoplasms
  4 giant cockroaches
  2 goblins
  3 hobgoblins
  4 jackals
  6 kobolds
  7 quokkas
  8 bats
  4 frilled lizards
  22 rats
94 creatures vanquished.

Notes
Turn   | Place    | Note
-------+----------+-------------------------------------------
     0 | D:1      | Sabo the Demonspawn Monk began the quest for the Orb.
     0 | D:1      | Reached XP level 1. HP: 18/18 MP: 1/1
   265 | D:1      | Gained mutation: You have a pair of small horns on your
                  | head. [demonic ancestry]
   265 | D:1      | Reached XP level 2. HP: 24/24 MP: 2/2
   296 | D:1      | Found Daremn's Assorted Antiques.
   456 | D:1      | You fall into a shaft and drop 1 floor!
   806 | D:1      | Reached XP level 3. HP: 27/29 MP: 3/3
  1435 | D:2      | Found a broken altar of Ashenzari.
  1905 | D:3      | Found a hide-covered altar of Uskayaw.
  1912 | D:3      | Reached skill level 1 in Armour
  1912 | D:3      | Gained mutation: You have a pair of horns on your head.
                  | [demonic ancestry]
  1912 | D:3      | Reached XP level 4. HP: 21/35 MP: 4/4
  2083 | D:3      | Found a broken altar of Ashenzari.
  2258 | D:3      | Found a faded altar of an unknown god.
  2484 | D:3      | Reached XP level 5. HP: 25/42 MP: 5/5
  3160 | D:4      | Found a faded altar of an unknown god.
  3160 | D:4      | Found a faded altar of an unknown god.
  3160 | D:4      | Found a hazy altar of Hepliaklqana.
  3950 | D:5      | Entered Level 5 of the Dungeon
  3956 | D:5      | Noticed an ogre
  3963 | D:5      | Slain by an ogre

Illustrated notes

Levels and vault maps discovered:
D:1:      nicolae_arrival_memento_mori, layout_basic, serial_shops, shop
D:2:      layout_rooms, basic_altar
D:3:      layout_basic, mainiacjoe_overflow_catwalk_spiral,
          hellmonk_ecumenical_altar_lost_god, minmay_ogre_servants
D:4:      layout_loops_cross, nicolae_hepliaklqana_ecumenical_no_more,
          minmay_rat_hole
D:5:      layout_basic, minmay_temple_entry_drinking_statues,
          biasface_ghost_orc_armoury, gup_sewer_entry_bubbles

Skill      XL: |  1  2  3  4  5 |
---------------+----------------+-----
Axes           | 3 4 |  4.3
Dodging        | 3 |  3.4
Armour         | 1 2 |  2.0
Fighting       | 4 |  4.0
Throwing       | |  0.2
Stealth        | |  0.1

Action                     |  1- 3 |  4- 6 || total
---------------------------+-------+-------++-------
  Melee: Hand axe          |    96 |    98 ||   194
         Headbutt          |    16 |    19 ||    35
  Throw: Boomerang         |       |     9 ||     9
    Use: Scroll            |     1 |     4 ||     5
 Armour: Robe              |     3 |       ||     3
         Leather armour    |    25 |       ||    25
         Ring mail         |     9 |    13 ||    22
         Chain mail        |       |    78 ||    78
  Dodge: Dodged            |    74 |    46 ||   120
